 Dungeon Crawl Stone Soup version 0.27.1-1-g398f81649c (webtiles) character file.

Game seed: 16950697248453571008

111 Descartes the Shooter (level 4, -2/25 HPs)
             Began as a Deep Elf Wanderer on Sept 22, 2021.
             Killed from afar by an orc wizard (7 damage)
             ... with a magic dart
             ... on level 3 of the Dungeon.
             The game lasted 00:05:21 (1991 turns).

Descartes the Shooter (Deep Elf Wanderer)           Turns: 1991, Time: 00:05:22

Health: -2/25      AC:  5    Str: 10    XL:     4   Next: 62%
Magic:  9/9        EV: 10    Int: 18    God:
Gold:   140        SH:  0    Dex: 13    Spells: 7/7 levels left

rFire    . . .     SeeInvis .   a - +2 shortbow
rCold    . . .     Faith    .   (shield currently unavailable)
rNeg     . . .     Spirit   .   c - +0 ring mail
rPois    .         Reflect  .   (no helmet)
rElec    .         Harm     .   (no cloak)
rCorr    .         Rampage  .   (no gloves)
Will     .....                  (no boots)
Stlth    ..........             (no amulet)
HPRegen  0.08/turn              (no ring)
MPRegen  0.11/turn              (no ring)

@: confused
A: no striking features
a: no special abilities


You were on level 3 of the Dungeon.
You visited 1 branch of the dungeon, and saw 3 of its levels.

You collected 140 gold pieces.

Inventory:

Hand Weapons
 a - a +2 shortbow (weapon)
 e - a +0 dagger
 i - a +0 short sword
 l - a +0 hunting sling
Missiles
 b - 11 arrows (quivered ammo)
 f - 5 javelins
 j - 73 stones
Armour
 c - a +0 ring mail (worn)
Scrolls
 m - 2 scrolls of identify {unknown}
 n - 2 scrolls of teleportation {unknown}
 p - a scroll of acquirement {unknown}
 q - 3 scrolls of vulnerability {unknown}
 r - a scroll of silence {unknown}
 s - 2 scrolls of amnesia {unknown}
Potions
 d - a potion of curing
 g - a potion of flight {unknown}
 h - 2 potions of might {unknown}
 k - a potion of degeneration {unknown}
 o - a potion of magic {unknown}


   Skills:
 - Level 1.0 Fighting
 + Level 3.7 Bows
 - Level 1.5 Armour
 + Level 2.2 Dodging
 + Level 3.7 Stealth
 + Level 2.4 Spellcasting
 + Level 1.4 Conjurations
 - Level 1.1 Fire Magic
 + Level 1.8 Earth Magic


You had 7 spell levels left.
You didn't know any spells.
Your spell library contained the following spells:

 Spells                   Type           Power      Damage    Failure   Level
 Sublimation of Blood     Necr           1%         N/A       54%         2
 Wereblood                Tmut           2%         N/A       54%         2
 Stone Arrow              Conj/Erth      16%        3d8       56%         3
 Animate Armour           Summ/Erth      10%        N/A       96%         4
 Summon Hydra             Summ           1%         N/A       100%        7
 Lehudib's Crystal Spear  Conj/Erth      4%         10d3      100%        8


Dungeon Overview and Level Annotations

Branches:
Dungeon (3/15)

Altars:


Message History

You miss something. Something hits you.
You closely miss something. Something completely misses you.
You hit something. Something hits you but does no damage.
You closely miss something.
An orc wizard appears from thin air!
Reactivating autopickup.
The orc wizard hits you but does no damage.
You barely miss the orc wizard.
The orc wizard is lightly wounded.
The orc wizard mumbles some strange words.
The orc wizard flickers and vanishes!
Deactivating autopickup; reactivate with Ctrl-A.
You hit something but do no damage. Something hits you.
You miss something. Something hits you. Something hits you but does no damage.
You closely miss something. Something hits you.
You closely miss something. Something hits you.
The frilled lizard hisses.
You miss something. Something hits you.
You closely miss something. Something hits you but does no damage.
You miss something. Something hits you but does no damage.
a - a +2 shortbow (weapon)
Something hits you.
* * * LOW HITPOINT WARNING * * *
You are too injured to fight recklessly!
A puff of flame appears from out of thin air!
The puff of flame hits you.
* * * LOW HITPOINT WARNING * * *
Something tries to affect you, but you resist.
Something tries to affect you, but you resist.
You see here a +0 mace.
The orc wizard mumbles some strange words.
The orc wizard flickers and vanishes!
A magic dart appears from out of thin air!
The magic dart hits you.
* * * LOW HITPOINT WARNING * * *
You are confused.
You bump into the rock wall.
You bump into the rock wall.
A magic dart appears from out of thin air!
The magic dart hits you!
You die...

..........# .#.######.#########
..................#
........#########.#
.#..............#.#
#.###..#######.#.# #.# #..# #.#.#
#######.###..#######.#.#########
#...........o{.@..<#.#.........#
##.#####.###..#######.#########.#
............................>...#
.........###..#######.###########
##.####### #..# #.# #.# #..# #.#
#.# #..# #.# #.# #..#######.# #.#
#..........#


You could see an orc.

Vanquished Creatures
  An orc priest (D:3)
  An adder (D:2)
  An adder zombie (D:1)
  3 dart slugs
  4 orcs (D:3)
  4 endoplasms (D:1)
  A giant cockroach (D:2)
  8 goblins
  A hobgoblin (D:3)
  8 jackals
  A kobold (D:3)
  A quokka (D:3)
  3 ball pythons
  7 bats
  5 frilled lizards
  A quokka zombie (D:1)
  7 rats
57 creatures vanquished.

Notes
Turn   | Place    | Note
-------+----------+-------------------------------------------
     0 | D:1      | Descartes the Deep Elf Wanderer began the quest for the
                  | Orb.
     0 | D:1      | Descartes set off with the following items: a +2 shortbow,
                  | 27 arrows, a +0 ring mail, a potion of curing, a +0 dagger
     0 | D:1      | Reached XP level 1. HP: 12/12 MP: 5/5
    87 | D:1      | Reached skill level 1 in Dodging
    87 | D:1      | Reached XP level 2. HP: 16/16 MP: 6/6
   529 | D:1      | Reached XP level 3. HP: 20/20 MP: 7/7
   586 | D:1      | Found a faded altar of an unknown god.
  1043 | D:2      | Reached skill level 1 in Conjurations
  1461 | D:3      | Reached XP level 4. HP: 25/25 MP: 9/9
  1929 | D:3      | HP: 1/25 [something/puff of flame (5)]
  1991 | D:3      | Killed from afar by an orc wizard

Illustrated notes

Levels and vault maps discovered:
D:1:      saegor_arrival_fortress, layout_rooms,
          hellmonk_ecumenical_altar_slurped_away
D:2:      layout_basic
D:3:      layout_basic, minmay_ruptured

Skill      XL: |  1  2  3  4 |
---------------+-------------+-----
Bows           | 3 |  3.7
Dodging        | 1 2 |  2.2
Stealth        | 3 |  3.7
Spellcasting   | 2 |  2.4
Conjurations   | 1 |  1.4
Fighting       | |  1.0
Armour         | |  1.5
Fire Magic     | |  1.1
Earth Magic    | |  1.8

Action                   |  1- 3 |  4- 6 || total
-------------------------+-------+-------++-------
Melee: Short sword       |       |    39 ||    39
 Fire: Shortbow          |   126 |    14 ||   140
Armor: Ring mail         |    19 |    18 ||    37
Dodge: Dodged            |    29 |    13 ||    42
